 Dungeon Crawl Stone Soup version 0.29.0-4-gdea44cf6ec (webtiles) character file.

Game seed: 6160935687981561238

2571 qw the Grappler (level 9, -6/83 (84) HPs)
             Began as a Troll Cinder Acolyte on Aug 31, 2022.
             Was a High Priest of Ignis.
             Splashed by a brown ugly thing's acid (8 damage)
             ... on level 7 of the Dungeon.
             The game lasted 00:03:14 (6666 turns).

qw the Grappler (Troll Cinder Acolyte)              Turns: 6666, Time: 00:03:14

HP:   -6/83 (84)    AC: -1    Str: 28    XL:     9   Next: 32%
MP:   9/9           EV:  9    Int: 10    God:    Ignis [*****.]
Gold: 395           SH:  5    Dex:  5    Spells: 10/10 levels left

rFire   + . .      SeeInvis .     - Unarmed
rCold   . . .      Faith    .   (no shield)
rNeg    . . .      Spirit   .   a - +0 robe
rPois   .          Reflect  +   (helmet restricted)
rElec   .          Harm     .   (no cloak)
rCorr   .          Rampage  .   (gloves unavailable)
Will    .....                   (boots unavailable)
Stlth   +.........              o - amulet of reflection
HPRegen 1.03/turn               e - +4 ring of protection
MPRegen 0.11/turn               (no ring)

@: about to teleport, corroded, fiery-armoured, lightly drained
A: large, unfitting armour, claws 3, regeneration 1, shaggy fur 1, tough skin 1
a: Renounce Religion, Fiery Armour, Foxfire Swarm, Rising Flame


You were on level 7 of the Dungeon.
You worshipped Ignis.
Ignis was extremely pleased with you.
You visited 1 branch of the dungeon, and saw 7 of its levels.

You collected 395 gold pieces.


Innate Abilities, Weirdness & Mutations

You are too large for most types of armour.
You have claws for hands.
Your natural rate of healing is unusually fast.
You are covered in fur. (AC +1)
You have tough skin. (AC +1)


   Skills:
 - Level 4.0 Fighting
 - Level 2.2 Throwing
 - Level 1.4 Dodging
 + Level 11.9 Unarmed Combat
 - Level 1.0 Spellcasting
 - Level 2.1 Fire Magic


You had 10 spell levels left.
You didn't know any spells.
Your spell library contained the following spells:

 Spells                   Type           Power      Damage    Failure   Level
 Scorch                   Fire           8%         2d5       22%         2

Inventory:

Armour
 a - a +0 robe (worn)
 k - a +0 cloak
Jewellery
 e - a +4 ring of protection (left claw)
 o - an amulet of reflection (around neck)
Scrolls
 f - a scroll of enchant armour
 i - a scroll of immolation {unknown}
 j - a scroll of identify
Potions
 b - a potion of heal wounds {unknown}
 c - a potion of invisibility {unknown}
 d - a potion of cancellation {unknown}
 g - a potion of curing
 h - 3 potions of might
 l - a potion of mutation {unknown}
 m - a potion of attraction {unknown}

Dungeon Overview and Level Annotations

Branches:
Dungeon (7/15)             Temple (0/1) D:6

Altars:
Vehumet

Shops:
D:2 (


Message History

6653 ||| Stepping ~*~*~tactically~*~*~ (stealth).
A brown ugly thing comes into view.
Found a stone staircase leading up.
The brown ugly thing gurgles horribly!
Enter note:
Enter note: You claw the brown ugly thing!
The brown ugly thing is moderately wounded.
The brown ugly thing trunk-slaps you. The acid corrodes you!
You are splashed with acid!
You closely miss the brown ugly thing. You claw the brown ugly thing.
The brown ugly thing is moderately wounded.
The brown ugly thing trunk-slaps you. The acid corrodes you!
You are splashed with acid!
You mangle the brown ugly thing!!
The brown ugly thing is heavily wounded.
The brown ugly thing closely misses you.
The white imp shouts, "Take thy face hence, thou lumpish toot-wallowing baggage!"
You scratch the brown ugly thing.
The brown ugly thing is heavily wounded.
You scratch the brown ugly thing.
The brown ugly thing is severely wounded.
The brown ugly thing trunk-slaps you! The acid corrodes you!
You are splashed with acid.
6664 ||| READING scroll of teleportation.
As you read the scroll of teleportation, it crumbles to dust.
You feel strangely unstable. The brown ugly thing trunk-slaps you.
You are splashed with acid.
6665 ||| INVOKING Fiery Armour.
A protective cloak of flame settles atop you.
The white imp gestures at you. The puff of frost hits you!
The brown ugly thing trunk-slaps you!
You are splashed with acid!
The brown ugly thing is burned by your cloak of flames.
The brown ugly thing is severely wounded.
You barely miss the brown ugly thing.
The brown ugly thing is severely wounded.
The brown ugly thing trunk-slaps you! The acid corrodes you!
You are splashed with acid!
You die...

#.#
#.........####.# ##
#.#
#.#######5...#.###.
#.. .. #.##.......
#. #.####.###. #.
#......# ## #<
#.###### #. #.#
#u#######.#
#.@...5...#
###########


You could see a brown ugly thing and a white imp.

Vanquished Creatures
  Sigmund (D:4)
  Eustachio (D:6)
  2 water moccasins
  An orc warrior (D:6)
  3 black bears
  2 ogres
  3 centaurs
  3 necrophages
  2 bullfrogs (D:7)
  2 scorpions
  3 howler monkeys (D:7)
  2 hounds (D:5)
  3 jellies
  A gnoll bouda (D:6)
  3 orc priests
  Ijyb (D:4)
  An iguana (D:6)
  11 orc wizards
  5 gnolls (D:6)
  5 adders
  2 ufetubi (D:6)
  19 orcs
  7 ball pythons
  2 bats
  6 endoplasms
  3 giant cockroaches
  4 goblins
  11 hobgoblins
  6 jackals
  2 quokkas (D:4)
  3 frilled lizards
  8 kobolds
  7 rats
135 creatures vanquished.

Vanquished Creatures (others)
  An orc wizard (D:6)
1 creature vanquished.

Grand Total: 136 creatures vanquished

Notes
Turn   | Place    | Note
-------+----------+-------------------------------------------
     0 | D:1      | qw the Troll Cinder Acolyte began the quest for the Orb.
     0 | D:1      | Reached XP level 1. HP: 22/22 MP: 1/1
     0 | D:1      | 0 ||| qw: Version: 0.1-a-97-g2dd2ca4
     0 | D:1      | 0 ||| qw: Game counter: 4496
     0 | D:1      | 0 ||| qw: Always use a shield: true
     0 | D:1      | 0 ||| qw: God list: Okawaru
     0 | D:1      | 0 ||| qw: Allow faded altars: false
     0 | D:1      | 0 ||| qw: Do Orc after D:15 true
     0 | D:1      | 0 ||| qw: Do second Lair branch before Depths: true
     0 | D:1      | 0 ||| qw: Lair rune preference: random
     0 | D:1      | 0 ||| qw: Plans: Normal
     0 | D:1      | 0 ||| PLANNING D:1-11
   211 | D:1      | 211 ||| Stepping ~*~*~tactically~*~*~ (stealth).
   237 | D:1      | 237 ||| Stepping ~*~*~tactically~*~*~ (stealth).
   240 | D:1      | 240 ||| Stepping ~*~*~tactically~*~*~ (stealth).
   242 | D:1      | 242 ||| Stepping ~*~*~tactically~*~*~ (stealth).
   245 | D:1      | Reached XP level 2. HP: 27/29 MP: 2/2
   264 | D:1      | 264 ||| Stepping ~*~*~tactically~*~*~ (stealth).
   265 | D:1      | 265 ||| Stepping ~*~*~tactically~*~*~ (stealth).
   266 | D:1      | 266 ||| Stepping ~*~*~tactically~*~*~ (stealth).
   449 | D:1      | Reached skill level 4 in Unarmed Combat
   559 | D:1      | Found a faded altar of an unknown god.
   998 | D:1      | 998 ||| UPGRADING to +4 ring of protection.
   999 | D:1      | 999 ||| READING scroll labelled JAAMOCV YTUWN.
  1000 | D:1      | 1000 ||| READING scroll labelled ZEXTEL FUATWIA.
  1015 | D:1      | 1015 ||| READING scroll labelled ATUCHI GUEZ.
  1102 | D:2      | Reached XP level 3. HP: 33/36 MP: 3/3
  1430 | D:2      | Found Betu's Weapon Shoppe.
  1722 | D:2      | 1722 ||| READING scroll labelled IBLIOM AHAPUTWAR.
  1723 | D:2      | 1723 ||| READING scroll labelled VAPRAI FULIEME.
  1724 | D:2      | 1724 ||| READING scroll labelled GIESATO OJEIKU.
  1725 | D:2      | 1725 ||| DRINKING 2 lumpy emerald potions.
  1758 | D:2      | 1758 ||| DROPPING potion of lignification.
  1802 | D:3      | 1802 ||| Stepping ~*~*~tactically~*~*~ (stealth).
  1803 | D:3      | 1803 ||| Stepping ~*~*~tactically~*~*~ (stealth).
  1955 | D:3      | Reached XP level 4. HP: 44/44 MP: 4/4
  2030 | D:3      | Reached skill level 5 in Unarmed Combat
  2236 | D:3      | 2236 ||| Stepping ~*~*~tactically~*~*~ (outnumbered).
  2294 | D:3      | 2294 ||| Stepping ~*~*~tactically~*~*~ (stealth).
  2298 | D:3      | 2298 ||| Stepping ~*~*~tactically~*~*~ (stealth).
  2608 | D:3      | 2608 ||| UPGRADING to amulet of guardian spirit.
  2613 | D:3      | 2613 ||| READING scroll labelled PELOMME OHIUGO.
  2614 | D:3      | 2614 ||| READING scroll labelled MIOXIL QYDOYRE.
  2615 | D:3      | 2615 ||| READING scroll labelled RUOKHL TOLESEZ.
  2616 | D:3      | 2616 ||| DRINKING 2 clear potions.
  2617 | D:3      | 2617 ||| DROPPING potion of degeneration.
  2628 | D:4      | 2628 ||| PLANNING OSSUARY
  2690 | D:4      | 2690 ||| Stepping ~*~*~tactically~*~*~ (stealth).
  2714 | D:4      | Reached XP level 5. HP: 49/50 MP: 5/5
  2719 | D:4      | Reached skill level 6 in Unarmed Combat
  2767 | D:4      | 2767 ||| Stepping ~*~*~tactically~*~*~ (hiding).
  2768 | D:4      | 2768 ||| Stepping ~*~*~tactically~*~*~ (hiding).
  3055 | D:4      | 3055 ||| INVOKING Fiery Armour.
  3056 | D:4      | 3056 ||| Stepping ~*~*~tactically~*~*~ (outnumbered).
  3067 | D:4      | Reached XP level 6. HP: 46/59 MP: 2/6
  3067 | D:4      | 3067 ||| FLEEEEING.
  3070 | D:4      | 3070 ||| FLEEEEING.
  3071 | D:4      | 3071 ||| FLEEEEING.
  3072 | D:4      | 3072 ||| FLEEEEING.
  3074 | D:4      | 3074 ||| STAIRDANCE
  3100 | D:3      | 3100 ||| READING scroll labelled MUEDDO WOGUN.
  3232 | D:4      | Noticed Ijyb
  3233 | D:4      | 3233 ||| Stepping ~*~*~tactically~*~*~ (hiding).
  3235 | D:4      | 3235 ||| Stepping ~*~*~tactically~*~*~ (hiding).
  3244 | D:4      | Killed Ijyb
  3245 | D:4      | Reached skill level 7 in Unarmed Combat
  3290 | D:4      | Noticed Sigmund
  3307 | D:4      | 3307 ||| RIP OSSUARY
  3308 | D:4      | 3308 ||| PLANNING D:1-11
  3309 | D:4      | Killed Sigmund
  3410 | D:4      | 3410 ||| Stepping ~*~*~tactically~*~*~ (hiding).
  3413 | D:4      | 3413 ||| Stepping ~*~*~tactically~*~*~ (hiding).
  3414 | D:4      | 3414 ||| Stepping ~*~*~tactically~*~*~ (hiding).
  3421 | D:4      | Reached skill level 8 in Unarmed Combat
  3443 | D:4      | Reached XP level 7. HP: 66/66 MP: 7/7
  3700 | D:5      | Entered Level 5 of the Dungeon
  3706 | D:5      | Reached skill level 3 in Fighting
  3706 | D:5      | 3706 ||| STAIRDANCE
  3927 | D:5      | 3927 ||| INVOKING Fiery Armour.
  4082 | D:5      | Reached skill level 9 in Unarmed Combat
  4088 | D:5      | Reached skill level 1 in Dodging
  4088 | D:5      | Reached XP level 8. HP: 69/75 MP: 8/8
  4669 | D:5      | 4669 ||| DROPPING amulet of regeneration.
  4670 | D:5      | 4670 ||| UPGRADING to amulet of reflection.
  4680 | D:5      | 4680 ||| DROPPING amulet of guardian spirit.
  4681 | D:5      | 4681 ||| READING scroll labelled ENAPHO QUGHUH.
  4682 | D:5      | 4682 ||| DRINKING 2 smoky puce potions.
  4783 | D:5      | 4783 ||| DROPPING potion of ambrosia.
  4788 | D:6      | Found a radiant altar of Vehumet.
  4825 | D:6      | 4825 ||| Stepping ~*~*~tactically~*~*~ (hiding).
  4828 | D:6      | 4828 ||| Stepping ~*~*~tactically~*~*~ (hiding).
  4829 | D:6      | 4829 ||| Stepping ~*~*~tactically~*~*~ (stealth).
  4859 | D:6      | 4859 ||| Stepping ~*~*~tactically~*~*~ (outnumbered).
  4860 | D:6      | 4860 ||| Stepping ~*~*~tactically~*~*~ (outnumbered).
  4861 | D:6      | 4861 ||| Stepping ~*~*~tactically~*~*~ (outnumbered).
  4862 | D:6      | 4862 ||| Stepping ~*~*~tactically~*~*~ (outnumbered).
  4915 | D:6      | Reached skill level 10 in Unarmed Combat
  4915 | D:6      | 4915 ||| FLEEEEING.
  4916 | D:6      | 4916 ||| FLEEEEING.
  4917 | D:6      | 4917 ||| FLEEEEING.
  4918 | D:6      | 4918 ||| FLEEEEING.
  4919 | D:6      | 4919 ||| FLEEEEING.
  4920 | D:6      | 4920 ||| FLEEEEING.
  4930 | D:6      | 4930 ||| DRINKING 2 potions of curing.
  4930 | D:6      | 4930 ||| (to cure confusion)
  5047 | D:6      | 5047 ||| Stepping ~*~*~tactically~*~*~ (stealth).
  5056 | D:6      | Noticed Eustachio
  5061 | D:6      | 5061 ||| Stepping ~*~*~tactically~*~*~ (outnumbered).
  5062 | D:6      | 5062 ||| Stepping ~*~*~tactically~*~*~ (outnumbered).
  5065 | D:6      | 5065 ||| Stepping ~*~*~tactically~*~*~ (outnumbered).
  5069 | D:6      | 5069 ||| Stepping ~*~*~tactically~*~*~ (outnumbered).
  5072 | D:6      | 5072 ||| Stepping ~*~*~tactically~*~*~ (outnumbered).
  5073 | D:6      | 5073 ||| Stepping ~*~*~tactically~*~*~ (outnumbered).
  5074 | D:6      | 5074 ||| Stepping ~*~*~tactically~*~*~ (outnumbered).
  5075 | D:6      | 5075 ||| Stepping ~*~*~tactically~*~*~ (outnumbered).
  5076 | D:6      | Killed Eustachio
  5550 | D:6      | Found a staircase to the Ecumenical Temple.
  5565 | D:6      | 5565 ||| Stepping ~*~*~tactically~*~*~ (hiding).
  5567 | D:6      | Reached skill level 11 in Unarmed Combat
  5567 | D:6      | Reached XP level 9. HP: 84/84 MP: 9/9
  5755 | D:6      | 5755 ||| DRINKING 3 fuming coppery potions.
  5756 | D:6      | 5756 ||| DRINKING 2 fuming golden potions.
  5757 | D:6      | 5757 ||| DROPPING potion of brilliance.
  6119 | D:7      | 6119 ||| Stepping ~*~*~tactically~*~*~ (hiding).
  6165 | D:7      | 6165 ||| Stepping ~*~*~tactically~*~*~ (stealth).
  6297 | D:7      | 6297 ||| Stepping ~*~*~tactically~*~*~ (stealth).
  6652 | D:7      | 6652 ||| Stepping ~*~*~tactically~*~*~ (stealth).
  6653 | D:7      | 6653 ||| Stepping ~*~*~tactically~*~*~ (stealth).
  6658 | D:7      | Noticed a brown ugly thing
  6664 | D:7      | 6664 ||| READING scroll of teleportation.
  6665 | D:7      | 6665 ||| INVOKING Fiery Armour.
  6665 | D:7      | HP: 18/83 [brown ugly thing (11)]
  6666 | D:7      | HP: 2/83 [brown ugly thing (10)]
  6666 | D:7      | Splashed by a brown ugly thing's acid

Levels and vault maps discovered:
D:1:      erik_arrival_blinker_ship, layout_basic, serial_forest,
          infiniplex_forest_lined_corner, infiniplex_forest_clump_diagonal,
          infiniplex_forest_clump_small, infiniplex_forest_clump_double,
          infiniplex_forest_lined_room_3, infiniplex_forest_clump_tiny,
          shapermc_ecumenical_altar_petra
D:2:      wander_river, layout_basic, serial_shops, shop, grunt_decor_junction
D:3:      layout_loops_corners, kennysheep_generic_room_13
D:4:      layout_loops_corners, enter_ossuary_2, uniq_sigmund, uniq_ijyb
D:5:      layout_loops_corners
D:6:      layout_gridville, fiery_altar_vehumet, nicolae_overflow_hidden_temple,
          temple_statues, kennysheep_flooded_box, fountainhead,
          roderic_lattice_a, uniq_eustachio
D:7:      layout_loops_ring

Skill      XL: |  1  2  3  4  5  6  7  8 |
---------------+-------------------------+-----
Unarmed Combat | 4 5 6 8 9 11 | 11.9
Fighting       | 3 4 |  4.0
Dodging        | 1 |  1.4
Throwing       | 2 |  2.2
Spellcasting   | |  1.0
Fire Magic     | |  2.1

Action                   |  1- 3 |  4- 6 |  7- 9 || total
-------------------------+-------+-------+-------++-------
Melee: Unarmed           |   112 |   126 |   163 ||   401
       Punch             |       |     3 |    10 ||    13
Throw: Boomerang         |       |       |    25 ||    25
Invok: Fiery Armour      |       |     1 |     2 ||     3
  Use: Scroll            |     6 |     4 |     2 ||    12
       Potion            |     1 |     1 |     4 ||     6
Armor: Robe              |    38 |    40 |    64 ||   142
Dodge: Dodged            |    26 |    38 |    60 ||   124
Block: Other             |       |       |    19 ||    19
       Reflection        |       |       |     2 ||     2

Table legend:
 A = Non-vault XP
 B = Vault XP
 C = Vault XP percentage of total XP
 D = Non-vault monster count
 E = Vault monster count
 F = Vault count percentage of total count
                 A         B        C        D         E       F
            +---------+---------+-------+---------+---------+-------
      Total |    3218 |     455 |  12.4 |     131 |       4 |   3.0
            +---------+---------+-------+---------+---------+-------
        D:1 |      36 |       0 |   0.0 |      21 |       0 |   0.0
        D:2 |      52 |       0 |   0.0 |      18 |       0 |   0.0
        D:3 |      84 |       2 |   2.3 |      21 |       1 |   4.5
        D:4 |     376 |     262 |  41.1 |      22 |       2 |   8.3
        D:5 |     681 |       0 |   0.0 |       8 |       0 |   0.0
        D:6 |    1183 |     191 |  13.9 |      30 |       1 |   3.2
        D:7 |     806 |       0 |   0.0 |      11 |       0 |   0.0
            +---------+---------+-------+---------+---------+-------
